 Dungeon Crawl Stone Soup version 0.27-a0-406-g23f261fbd2 (webtiles) character file.

Game seed: 14885894127602575975

41436 littlecub the Unseen (level 13, -2/66 HPs)
             Began as a Spriggan Enchanter on Feb 22, 2021.
             Was an Initiate of Gozag.
             Slain by an eight-headed hydra (12 damage)
             ... on level 5 of the Lair of Beasts.
             The game lasted 01:16:05 (26189 turns).

littlecub the Unseen (Spriggan Enchanter)          Turns: 26189, Time: 01:16:05

Health: -2/66      AC:  8    Str:  8    XL:     13   Next: 80%
Magic:  36/36      EV: 17    Int: 30    God:    Gozag
Gold:   1996       SH:  5    Dex: 10    Spells: 24/31 levels left

rFire    + . .     SeeInvis +   a - +6 dagger of a bailey {vorpal, rF+ Will++ Dex-5 SInv}
rCold    . . .     Faith    .   (shield restricted)
rNeg     . . .     Spirit   .   E - +0 steam dragon scales
rPois    +         Reflect  +   L - +2 hat
rElec    .         Harm     .   o - +0 cloak {rPois}
rCorr    .         Rampage  .   (gloves unavailable)
Will     ++++.                  (boots unavailable)
Stlth    ++++++....             c - amulet of reflection
HPRegen  0.21/turn              F - +6 ring of intelligence
MPRegen  0.25/turn              w - ring of Dotadesh {+Fly rPois MP+9 Int+6}

@: very quick
A: very small, unfitting armour, see invisible, speed 3
a: Renounce Religion, Evoke Flight, Potion Petition, Call Merchant, Bribe Branch


You were on level 5 of the Lair of Beasts.
You worshipped Gozag.
Gozag was most pleased with you.
You visited 3 branches of the dungeon, and saw 18 of its levels.
You visited the Abyss 1 time.
You also visited: Sewer.

You collected 4676 gold pieces.
You spent 956 gold pieces at shops.
You paid 1724 gold pieces to Gozag.

Inventory:

Hand Weapons
 a - the +6 dagger of a bailey (weapon) {vorpal, rF+ Will++ Dex-5 SInv}
   (You found it on level 3 of the Lair of Beasts)

   It inflicts extra damage upon your enemies.
   It affects your dexterity (-5).
   It protects you from fire.
   It affects your willpower, your defense against some magical effects.
   It lets you see invisible.
 b - the +7 short sword of the Unspeakable One {holy, rElec rPois rN+ Str-3}
   (You found it on level 5 of the Dungeon)

   It has been blessed by the Shining One to cause great damage to the undead
   and demons.
   It affects your strength (-3).
   It insulates you from electricity.
   It protects you from poison.
   It protects you from negative energy.
Missiles
 g - 8 atropa-tipped darts
Armour
 o - a +0 cloak of poison resistance (worn)
 s - a +0 buckler
 E - +0 steam dragon scales (worn)
 L - a +2 hat (worn)
Jewellery
 c - an amulet of reflection (around neck)
 w - the ring of Dotadesh (right hand) {+Fly rPois MP+9 Int+6}
   (You found it on level 8 of the Dungeon)

   [ring of intelligence]

   It affects your intelligence (+6).
   It protects you from poison.
   It affects your magic capacity (+9).
   It lets you fly.
 F - a +6 ring of intelligence (left hand)
 N - a ring of ice
Wands
 l - a wand of charming (20)
 n - a wand of digging (5)
 p - a wand of paralysis (7)
 t - a wand of polymorph (12)
 y - a wand of random effects (45)
 A - a wand of mindburst (6)
 D - a wand of flame (57)
 G - a wand of iceblast (9)
Scrolls
 d - a scroll of magic mapping
 f - 3 scrolls of enchant weapon
 m - 3 scrolls of fog
 q - 3 scrolls of immolation
 r - 11 scrolls of teleportation
 x - 2 scrolls of fear
 H - 2 scrolls of amnesia
 K - 2 scrolls of enchant armour
 M - a scroll of blinking
Potions
 e - 9 potions of curing
 h - 2 potions of heal wounds
 i - 2 potions of lignification
 j - 3 potions of ambrosia
 k - 2 potions of cancellation
 u - 3 potions of flight
 v - 3 potions of mutation
 z - 6 potions of might
 C - a potion of resistance
 I - a potion of brilliance
 J - 2 potions of attraction


   Skills:
 + Level 6.6 Fighting
 + Level 11.6 Short Blades
 - Level 2.6 Dodging
 * Level 16.7 Stealth
 + Level 5.2 Shields
 + Level 9.9 Spellcasting
 * Level 13.4 Hexes
 - Level 2.0 Translocations
 - Level 6.0 Ice Magic


You had 24 spell levels left.
You knew the following spells:

 Your Spells              Type           Power        Failure   Level
b - Ensorcelled Hibernat  Hex/Ice        100%         1%          2
c - Confusing Touch       Hex            77%          1%          3
q - Blink                 Tloc           N/A          2%          2

Your spell library contained the following spells:

 Spells                   Type           Power        Failure   Level
 Corona                   Hex            85%          0%          1
 Dazzling Flash           Conj/Hex       100%         1%          3
 Tukima's Dance           Hex            77%          1%          3
 Metabolic Englaciation   Hex/Ice        32%          1%          5
 Animate Skeleton         Necr           28%          3%          1
 Pain                     Necr           56%          3%          1
 Gell's Gravitas          Tloc           13%          4%          3
 Lesser Beckoning         Tloc           13%          4%          3
 Teleport Other           Tloc           26%          4%          3
 Yara's Violent Unravell  Hex/Tmut       26%          6%          5
 Vampiric Draining        Necr           7%           11%         3
 Manifold Assault         Tloc           26%          16%         4
 Animate Dead             Necr           7%           34%         4
 Petrify                  Tmut/Erth      14%          34%         4
 Agony                    Necr           14%          69%         5


Dungeon Overview and Level Annotations

Branches:
Dungeon (12/15)            Temple (1/1) D:7            Lair (5/6) D:9
  Swamp (0/4) Lair:4        Snake (0/4) Lair:4        Slime (0/5) Lair:5
    Orc (0/2) D:11          Sewer (visited)

Altars:
Ashenzari
Cheibriados
Dithmenos
Elyvilon
Fedhas
Gozag
Hepliaklqana
Kikubaaqudgha
Makhleb
Nemelex Xobeh
Okawaru
Qazlal
Ru
Sif Muna
Trog
Uskayaw
Vehumet
Wu Jian
Xom
Yredelemnul
Zin
The Shining One
Beogh

Shops:
D:6 =   D:7 *   Lair:3 ::

Portals:
Ice
Cave: Lair:5

Annotations:
D:7 2 transporters, Terrapin's ghost, novice OpTm
D:11 3 runed translucent doors, tinescath's ghost, journeyman DEFE


Innate Abilities, Weirdness & Mutations

You are very small and have problems with some larger weapons.
You are too small for most types of armour.
You have supernaturally acute eyesight. (SInv)
You cover ground extremely quickly.


Message History

You stick the ice beast like a pincushion!!!
You kill the ice beast!
You barely miss the ice beast. You hit the ice beast but do no damage.
The ice beast misses you.
You hit the ice beast but do no damage. You hit the ice beast but do no damage.
You barely miss the ice beast. You completely miss the ice beast.
You barely miss the ice beast.
You catch the helpless ice beast completely off-guard!
You stick the ice beast like a pincushion!!!
You kill the ice beast!
No target in view!
No target in view!
You now have 1957 gold pieces (gained 13).
You now have 1976 gold pieces (gained 19).
You now have 1996 gold pieces (gained 20).
There is a stone staircase leading down here.
You start resting.
Magic restored.
You start resting.
HP restored.
You climb downwards.
You feel a wave of frost pass over you.
There is an entrance to an ice cave on this level.
Hurry and find it before the portal melts!
You hear the loud crackling of a melting archway.
The dream sheep bleats!
You hear a bleat!
The dream sheep are wreathed in dream dust.
You feel drowsy...
You fall asleep.
The dream sheep misses you. x2
The eight-headed hydra closely misses you. x2
The eight-headed hydra bites you!!
You wake up.
The eight-headed hydra bites you!
You block the eight-headed hydra's attack.
The eight-headed hydra bites you!
* * * LOW HITPOINT WARNING * * *
The eight-headed hydra bites you but does no damage.
The eight-headed hydra bites you!
You die...
Your body crumbles into a pile of gold.

**,..P.P......,,,,,,,,
*,,,..........,,,,,,,,
**,*,..........,,,,,,,,
*,***#.........,,,,,,,,
*** ##..∩....Y.,,,,,,,,
#....Y.....,,,,,,,,
#...$......,,,,,,,,
#DYYYY......,,,,,,,
##.@...$......F.F...
#..(Y..Y............
##..................
##........Y.Y......
#.#..........P....
##...........F....
##.......PP.......
##.......P...Y...<.
#........PY.....YY.


You could see an eight-headed hydra, 2 ice beasts and 6 dream sheep.

Vanquished Creatures
  Gastronok (Lair:2)
  2 entropy weavers
  The ghost of GEC the Basher, a journeyman OgGl (Lair:1)
  5 hydras
  3 death yaks
  3 two-headed ogres
  A queen ant (Lair:4)
  The ghost of Asceticacid the Summoner, a novice OpIE of Gozag (D:9)
  An unseen horror (D:9)
  2 ugly things (D:11)
  2 cyclopes
  A manticore (D:11)
  2 centaur zombies (D:12)
  A torpor snail (Lair:4)
  A black mamba (Lair:4)
  Maggie (D:8)
  9 cane toads
  A rime drake (Lair:3)
  7 komodo dragons
  4 trolls
  2 hornets
  A polar bear (Lair:2)
  A dream sheep (Lair:4)
  4 blink frogs (Lair:1)
  A wraith (D:11)
  Sigmund (D:6)
  2 shadows (D:11)
  20 yaks
  A wyvern (D:11)
  A basilisk (Lair:4)
  4 fire bats (Lair:4)
  A two-headed ogre zombie (D:11)
  An acid dragon (D:8)
  25 soldier ants (Lair:4)
  13 water moccasins
  A hornet zombie (D:9)
  6 ice beasts
  An orc warrior (D:11)
  An eye of draining (D:8)
  A sky beast (D:7)
  7 ogres
  3 black bears
  15 wolves
  9 centaurs
  A necrophage (D:11)
  2 phantoms
  A kobold brigand (D:11)
  19 bullfrogs
  A wyvern zombie (D:11)
  5 scorpions
  11 killer bees (D:7)
  2 troll zombies (D:11)
  4 wights (D:9)
  2 howler monkeys
  10 electric eels
  4 jellies
  A bullfrog zombie (D:10)
  3 bullfrog skeletons
  16 hounds
  Crazy Yiuf (D:2)
  7 orc priests
  3 centaur skeletons
  Ijyb (D:5)
  11 orc wizards
  3 iguanas
  31 worker ants
  5 ogre zombies (D:11)
  A hound skeleton (D:8)
  A hound zombie (D:8)
  3 worker ant zombies
  8 gnolls
  10 adders
  2 river rats (D:6)
  2 shadow imps
  2 white imps
  An ooze (D:1)
  4 ufetubi
  3 adder zombies (D:5)
  2 worms
  A dart slug (D:1)
  5 leopard geckos
  40 orcs
  6 ball pythons
  6 giant cockroaches
  6 goblins
  5 hobgoblins
  26 jackals
  3 quokkas
  5 bats
  5 frilled lizards
  3 goblin skeletons (D:11)
  2 goblin zombies (D:11)
  A hobgoblin skeleton (D:11)
  6 hobgoblin zombies (D:11)
  18 kobolds
  A leopard gecko skeleton (D:8)
  5 orc skeletons (D:11)
  8 orc zombies (D:11)
  A quokka skeleton (D:8)
  14 rats
521 creatures vanquished.

Vanquished Creatures (others)
  18 fungi
  29 plants
  4 starspawn tentacles (Abyss:3)
51 creatures vanquished.

Grand Total: 572 creatures vanquished

Notes
Turn   | Place    | Note
-------+----------+-------------------------------------------
     0 | D:1      | littlecub the Spriggan Enchanter began the quest for the
                  | Orb.
     0 | D:1      | Reached XP level 1. HP: 9/9 MP: 5/5
   343 | D:1      | Reached XP level 2. HP: 12/13 MP: 4/6
   368 | D:1      | Learned a level 2 spell: Ensorcelled Hibernation
  1021 | D:1      | Reached XP level 3. HP: 17/17 MP: 0/8
  1187 | D:2      | Reached skill level 5 in Stealth
  2172 | D:2      | Learned a level 3 spell: Confusing Touch
  2183 | D:2      | Reached XP level 4. HP: 21/21 MP: 4/9
  2366 | D:2      | Found a runed translucent door.
  2367 | D:2      | Noticed Crazy Yiuf
  2374 | D:2      | Killed Crazy Yiuf
  2375 | D:2      | Reached skill level 1 in Fighting
  3185 | D:3      | Found a bloodstained altar of Trog.
  3436 | D:3      | Reached XP level 5. HP: 25/25 MP: 0/11
  3622 | D:4      | Reached skill level 1 in Ice Magic
  3667 | D:4      | Reached skill level 6 in Stealth
  3792 | D:4      | Noticed an ogre
  3826 | D:4      | Killed an ogre
  3827 | D:4      | Reached skill level 5 in Hexes
  3827 | D:4      | Reached XP level 6. HP: 30/30 MP: 2/12
  4677 | D:4      | Found a sparkling altar of Nemelex Xobeh.
  5406 | D:5      | Entered Level 5 of the Dungeon
  5637 | D:5      | Noticed Ijyb
  5712 | D:5      | Reached skill level 7 in Stealth
  5712 | D:5      | Reached XP level 7. HP: 34/34 MP: 10/14
  5766 | D:5      | Got an iridescent short sword
  5767 | D:5      | Identified the +7 short sword of the Unspeakable One {holy,
                  | rElec rPois rN+ Str-3} (You found it on level 5 of the
                  | Dungeon)
  5780 | D:5      | Killed Ijyb
  6144 | D:5      | Found an iron altar of Okawaru.
  6494 | D:6      | Noticed Sigmund
  6499 | D:6      | Killed Sigmund
  6500 | D:6      | Reached skill level 8 in Stealth
  6500 | D:6      | Reached XP level 8. HP: 39/39 MP: 8/15
  6586 | D:6      | Reached skill level 5 in Short Blades
  6630 | D:6      | Found a glowing drain.
  6639 | Sewer    | Entered a sewer
  8363 | D:6      | Found Ihyov's Jewellery Boutique.
  8368 | D:6      | Reached skill level 5 in Spellcasting
  8487 | D:6      | Reached skill level 9 in Stealth
  8987 | D:7      | Found a transporter.
  9177 | D:7      | Found a transporter.
  9209 | D:7      | Reached XP level 9. HP: 44/44 MP: 18/18
  9224 | D:7      | Noticed Terrapin's ghost (novice OpTm)
  9544 | D:7      | Reached skill level 10 in Stealth
  9746 | D:7      | Found a staircase to the Ecumenical Temple.
  9808 | Temple   | Entered the Ecumenical Temple
 10066 | Temple   | Became a worshipper of Gozag Ym Sagoz the Greedy
 10181 | D:7      | Found Exiac's General Store.
 10287 | D:7      | Bought a scroll of teleportation for 33 gold pieces
 10287 | D:7      | Bought a scroll of teleportation for 33 gold pieces
 10287 | D:7      | Bought a potion of resistance for 110 gold pieces
 10432 | D:7      | Reached skill level 1 in Shields
 10836 | D:8      | Found a runed translucent door.
 10979 | D:8      | Found a radiant altar of Vehumet.
 11156 | D:8      | Found a runed translucent door.
 11521 | D:8      | Noticed Maggie
 11521 | D:8      | Noticed a cyclops
 11548 | D:8      | Killed Maggie
 11549 | D:8      | Reached skill level 11 in Stealth
 11745 | D:8      | Killed a cyclops
 11746 | D:8      | Reached XP level 10. HP: 31/49 MP: 11/20
 12134 | D:8      | Got a sparkling brass ring
 12135 | D:8      | Identified the ring of Dotadesh {+Fly rPois MP+9 Int+6}
                  | (You found it on level 8 of the Dungeon)
 12346 | D:9      | Found a shadowy altar of Dithmenos.
 12349 | D:9      | Found a sacrificial altar of Ru.
 12352 | D:9      | Found a burning altar of Makhleb.
 12355 | D:9      | Found a hazy altar of Hepliaklqana.
 12545 | D:9      | Found a staircase to the Lair.
 12754 | D:9      | Found a runed translucent gate.
 12754 | D:9      | Found a runed translucent gate.
 12754 | D:9      | Found an opulent altar of Gozag.
 12755 | D:9      | Found a runed translucent gate.
 12755 | D:9      | Noticed an unseen horror
 12756 | D:9      | Noticed Asceticacid's ghost (novice OpIE)
 13017 | D:9      | Reached skill level 12 in Stealth
 13425 | D:9      | Killed an unseen horror
 13453 | D:9      | Cast into level 2 of the Abyss (Asceticacid's ghost)
 13536 | Abyss:2  | Noticed a bone dragon
 13549 | Abyss:2  | Found a corrupted altar of Lugonu.
 13553 | Abyss:3  | Noticed a wretched star
 13553 | Abyss:3  | Noticed a wretched star
 13553 | Abyss:3  | Noticed a green very ugly thing
 13553 | Abyss:3  | Noticed a green very ugly thing
 13558 | Abyss:3  | Found a corrupted altar of Lugonu.
 13559 | Abyss:3  | Noticed a green very ugly thing
 13588 | Abyss:3  | Noticed a large abomination
 13683 | Abyss:3  | Noticed a spatial maelstrom
 13723 | Abyss:3  | Noticed a great orb of eyes
 13753 | Abyss:3  | Noticed a profane servitor
 13759 | Abyss:3  | Noticed a tentacled starspawn
 13766 | Abyss:3  | Noticed a smoke demon
 13768 | Abyss:3  | Noticed a tentacled starspawn
 13782 | Abyss:3  | Noticed a tentacled starspawn
 13787 | Abyss:3  | Found a corrupted altar of Lugonu.
 13800 | D:9      | Escaped the Abyss
 13883 | D:9      | Killed Asceticacid's ghost
 13972 | D:10     | Entered Level 10 of the Dungeon
 14118 | D:10     | Reached skill level 10 in Hexes
 14258 | D:10     | Reached XP level 11. HP: 54/54 MP: 22/22
 14290 | D:10     | Noticed a two-headed ogre
 14306 | D:10     | Killed a two-headed ogre
 14461 | D:10     | Noticed a cyan ugly thing
 15101 | D:10     | Noticed a two-headed ogre
 15110 | D:10     | Killed a two-headed ogre
 15446 | D:11     | Found a staircase to the Orcish Mines.
 15509 | D:11     | Found a runed translucent gate.
 15916 | D:11     | Reached skill level 13 in Stealth
 15954 | D:11     | Noticed tinescath's ghost (journeyman DEFE)
 16220 | D:11     | Found a runed translucent gate.
 16221 | D:11     | Found a runed translucent gate.
 16221 | D:11     | Found a roughly hewn altar of Beogh.
 16664 | D:11     | Noticed a two-headed ogre
 16695 | D:11     | Killed a two-headed ogre
 16813 | D:11     | Reached skill level 5 in Fighting
 16873 | D:11     | Noticed a cyan ugly thing
 17217 | D:11     | Killed a cyan ugly thing
 17218 | D:11     | Reached skill level 5 in Ice Magic
 17219 | D:11     | Killed a cyan ugly thing
 17828 | D:11     | Found a roughly hewn altar of Beogh.
 18028 | D:12     | Reached XP level 12. HP: 60/60 MP: 25/25
 18084 | D:12     | Reached skill level 14 in Stealth
 18377 | Lair:1   | Entered Level 1 of the Lair of Beasts
 18383 | Lair:1   | Noticed a five-headed hydra
 18390 | Lair:1   | Killed a five-headed hydra
 18391 | Lair:1   | Reached skill level 10 in Short Blades
 18731 | Lair:1   | Found a runed translucent door.
 18732 | Lair:1   | Noticed GEC's ghost (journeyman OgGl)
 18748 | Lair:1   | Noticed an eight-headed hydra
 18800 | Lair:1   | Killed an eight-headed hydra
 20102 | Lair:1   | Killed GEC's ghost
 20315 | Lair:2   | Noticed Gastronok
 20321 | Lair:2   | Noticed an eight-headed hydra
 20323 | Lair:2   | Killed Gastronok
 20324 | Lair:2   | Reached skill level 15 in Stealth
 20333 | Lair:2   | Killed an eight-headed hydra
 20430 | Lair:2   | Noticed a death yak
 20433 | Lair:2   | Noticed a death yak
 20434 | Lair:2   | Noticed a death yak
 20604 | Lair:1   | Killed a death yak
 21034 | Lair:2   | Killed a death yak
 21035 | Lair:2   | Reached XP level 13. HP: 65/65 MP: 22/27
 21995 | Lair:3   | Identified a scroll of acquirement
 21996 | Lair:3   | Acquired 852 gold pieces
 22007 | Lair:3   | Bought a book of Spatial Translocations for 780 gold pieces
 22010 | Lair:3   | Learned a level 2 spell: Blink
 22577 | Lair:3   | Reached skill level 1 in Translocations
 23005 | Lair:3   | Got a faintly glowing dagger
 23011 | Lair:3   | Identified the +6 dagger of a bailey {vorpal, rF+ Will++
                  | Dex-5 SInv} (You found it on level 3 of the Lair of Beasts)
 23645 | Lair:4   | Noticed an entropy weaver
 23808 | Lair:3   | Killed an entropy weaver
 23902 | Lair:4   | Reached skill level 16 in Stealth
 24068 | Lair:4   | Reached skill level 5 in Shields
 24826 | Lair:4   | Found a staircase to the Swamp.
 25155 | Lair:4   | Found a staircase to the Snake Pit.
 25408 | Lair:4   | Noticed an entropy weaver
 25417 | Lair:4   | Killed an entropy weaver
 25672 | Lair:5   | Found a frozen archway.
 26189 | Lair:5   | Slain by an eight-headed hydra

Illustrated notes

Levels and vault maps discovered:
D:1:      dpeg_arrival_simpleton_b, layout_rooms
D:2:      layout_loops_ring, uniq_crazy_yiuf_cottage
D:3:      layout_rooms, old_standard_altar
D:4:      layout_basic, marbit_many_paths, kennysheep_cross_room
D:5:      layout_basic, okawaru_metal_pillars_3, grunt_decor_mini_mirrors,
          uniq_ijyb
D:6:      layout_loops_ring, portal_sewer_entry_e, serial_shops, shop,
          uniq_sigmund
D:7:      layout_rooms, minmay_temple_entry_trees, gammafunk_ghost_stat_death,
          serial_shops, shop, eino_jars
D:8:      cheibrodos_histonic, layout_basic, vehumet_altar_wand_db, uniq_maggie
D:9:      layout_loops_cross, grunt_temple_overflow_cloverleaf,
          erik_lair_island, ebering_ghost_gozag, hangedman_decor_lopped
D:10:     layout_stronghold, minmay_misc_feat_secret_circle, serial_bayou_pond_d
D:11:     layout_basic, zombieorc2_lemuel, biasface_ghost_orc_armoury,
          david_defended_altar_orc
D:12:     minmay_roctagon, layout_rooms, hellmonk_ghost_happy_afterlife,
          nzn_sisyphean_effort
Temple:   minmay_temple_curvy_branch
Lair:1:   layout_small_grid, gammafunk_ghost_grave, grunt_megastairs_5
Lair:2:   layout_loops_ring, serial_forest, infiniplex_forest_lined_room_3,
          infiniplex_forest_lined_3, infiniplex_forest_end_2,
          infiniplex_forest_zigzag_1, uniq_gastronok
Lair:3:   layout_hall_layers, fungi_pond_lemuel, serial_bayou_lake_a
Lair:4:   layout_gridlike, minmay_swamp_entry_eels, dummy_snake_entry,
          minivault_29
Lair:5:   layout_cave_shapes, nicolae_slime_entry_slimehenge,
          portal_ice_cave_entry_ice_beasts, st_stairs_6, beast_lair_carwin_7,
          serial_bayou_shore_a

Skill      XL: |  1  2  3  4  5  6  7  8  9 10 11 12 13 |
---------------+----------------------------------------+-----
Hexes          | 4 5 6 7 8 10 11 12 13 | 13.4
Stealth        | 5 6 7 8 9 11 12 13 15 16 | 16.7
Spellcasting   | 3 4 5 6 7 8 9 |  9.9
Short Blades   | 2 3 4 6 7 8 9 11 | 11.6
Fighting       | 1 2 3 4 5 6 |  6.6
Ice Magic      | 1 2 3 4 5 6 |  6.0
Shields        | 1 2 3 4 5 |  5.2
Translocations | 2 |  2.0
Dodging        | |  2.6

Action                   |  1- 3 |  4- 6 |  7- 9 | 10-12 | 13-15 || total
-------------------------+-------+-------+-------+-------+-------++-------
Melee: Dagger            |   130 |   108 |   250 |   268 |   191 ||   947
       Short sword       |       |       |    40 |   231 |    17 ||   288
 Cast: Corona            |     8 |       |       |       |       ||     8
       Ensorcelled Hiber |    41 |    70 |   162 |   185 |   153 ||   611
       Confusing Touch   |       |     3 |    14 |    14 |    10 ||    41
Invok: Call Merchant     |       |       |       |       |     2 ||     2
Evoke: Wand              |       |       |     3 |     7 |       ||    10
  Use: Scroll            |       |     4 |     3 |     9 |     9 ||    25
       Potion            |       |       |       |     7 |       ||     7
 Stab: Sleeping          |    24 |    42 |    98 |   121 |    92 ||   377
       Confused          |       |     2 |    11 |    14 |    10 ||    37
       Distracted        |       |     1 |     2 |     7 |     3 ||    13
       Fleeing           |       |     1 |       |       |       ||     1
       Paralysed         |       |       |     2 |       |       ||     2
Armor: Robe              |    25 |    21 |    73 |       |       ||   119
       Steam dragon scal |       |       |     1 |    67 |    30 ||    98
Dodge: Dodged            |   101 |    78 |   292 |   283 |   119 ||   873
Block: Other             |       |       |       |    52 |    35 ||    87
       Reflection        |       |       |       |     2 |       ||     2

Table legend: (Time is in decaauts)
 A = Elapsed time spent in this place.
 B = Non-inter-level travel time spent in this place.
 C = Inter-level travel time spent in this place.
 D = Time resting spent in this place.
 E = Time spent auto-exploring this place.
 F = Levels seen in this place.
 G = Mean time per level.
                   A        B        C        D        E       F      G
               +--------+--------+--------+--------+--------+-----+--------+
         Total |  20884 |  20515 |    369 |   4589 |  11846 |  21 |  994.5 |
       Dungeon |  13180 |  12879 |    301 |   2713 |   7605 |  12 | 1098.3 |
        Temple |    169 |    156 |     13 |      0 |    154 |   1 |  169.0 |
          Lair |   6109 |   6055 |     54 |   1567 |   3282 |   5 | 1221.8 |
         Abyss |    246 |    246 |      0 |     89 |      0 |   2 |  123.0 |
         Sewer |   1179 |   1179 |      0 |    218 |    804 |   1 | 1179.0 |
               +--------+--------+--------+--------+--------+-----+--------+

Top non-repeatable levels by time:
    D:10: 1915 daAuts
  Lair:4: 1678 daAuts
  Lair:1: 1617 daAuts
  Lair:3: 1577 daAuts
     D:8: 1529 daAuts
    D:11: 1457 daAuts
     D:4: 1333 daAuts
  Lair:2: 1201 daAuts
   Sewer: 1179 daAuts
     D:2: 1091 daAuts
     D:1: 1086 daAuts
     D:6: 1004 daAuts
     D:7: 989 daAuts
     D:9: 966 daAuts
     D:5: 841 daAuts
